Map: Canyon of Tribulation

Players

TwinClaws

  • Race: Zerg Zerg
  • Spawn Location: 6:00

Ninjachen

  • Race: Protoss Protoss
  • Spawn Location: 7:00

TastyCyanide

  • Race: Zerg Zerg
  • Spawn Location: 6:00

OpuS

  • Race: Protoss Protoss
  • League: Diamond
  • Spawn Location: 12:00

Sketchaphone

  • Race: Zerg Zerg
  • League: Gold
  • Spawn Location: 3:00

Feng

  • Race: Terran Terran
  • League: Gold
  • Spawn Location: 12:00

VOD

Have the link to the VOD?

Description

Time

  • Played on: Jan. 20, 2019, 12:34 p.m.
  • Length: 20:20
Show
View Real Time Build Order
Export as new Build Order

TwinClaws Zerg 

Build Orders: Pool First 

Get SALT Encoding   

  12  0:01  Drone  
  13  0:11  Drone  
  14  0:17  Extractor  
  14  0:18  Drone  
  14  0:34  Spawning Pool  
  13  0:37  Drone  
  14  0:46  Overlord  
  14  0:57  Drone, Extractor  
  15  1:06  Drone  
  16  1:21  Queen  
  18  1:26  Metabolic Boost  
  18  1:28  Zergling x2  
  18  1:29  Zergling x2  
  20  1:33  Zergling x2  
  21  1:40  Overlord  
  21  1:50  Zergling x2  
  22  2:01  Zergling x2  
  23  2:11  Zergling x2  
  24  2:27  Zergling x2  
  26  2:30  Zergling x6  
  28  2:41  Hatchery  
  25  2:55  Zergling x4  
  18  3:48  Queen  
  19  3:52  Drone x4  
  23  3:56  Queen  
  23  3:57  Drone  
  23  3:59  Drone  
  27  4:10  Overlord  
  27  4:18  Drone x3  
  30  4:29  Extractor  
  29  4:32  Roach Warren  
  29  4:35  Evolution Chamber  
  29  4:38  Evolution Chamber  
  26  4:44  Hatchery  
  25  4:50  Spine Crawler  
  24  4:53  Spine Crawler, Drone  
  24  4:54  Drone x2  
  26  5:11  Zergling x2  
  26  5:12  Zergling x10  
  32  5:30  Overlord  
  32  5:31  Overlord  
  30  5:47  Drone  
  30  5:48  Drone x4  
  34  5:51  Overlord  
  31  6:06  Drone  
  34  6:15  Drone  
  34  6:16  Drone x3  
  36  6:18  Zerg Missile Weapons Level 1  
  36  6:23  Zerg Ground Armor Level 1  
  36  6:31  Lair  
  36  6:34  Drone  
  36  6:35  Drone  
  38  6:40  Overlord  
  38  6:46  Extractor  
  37  6:48  Extractor  
  37  6:49  Drone x2  
  37  6:50  Drone  
  37  6:52  Drone  
  40  7:10  Drone  
  40  7:11  Drone x8  
  49  7:20  Spore Crawler  
  48  7:24  Spore Crawler  
  48  7:26  Drone x3  
  50  7:33  Drone x3  
  53  7:37  Drone x2  
  53  7:40  Drone  
  53  7:41  Drone  
  53  7:44  Glial Reconstitution  
  57  7:46  Drone  
  57  7:47  Drone  
  57  7:49  Drone  
  57  7:51  Drone  
  61  7:52  Drone  
  62  7:59  Infestation Pit  
  62  8:01  Burrow  
  62  8:02  Pneumatized Carapace  
  62  8:05  Extractor  
  60  8:06  Extractor  
  60  8:08  Drone x4  
  60  8:10  Drone  
  60  8:11  Drone  
  60  8:12  Drone  
  66  8:16  Zerg Missile Weapons Level 2  
  66  8:22  Zerg Ground Armor Level 2  
  66  8:27  Overlord  
  66  8:29  Overlord  
  66  8:31  Overlord  
  66  8:35  Overlord  
  66  8:38  Overlord  
  66  8:40  Overlord  
  66  8:48  Hive  
  66  8:52  Spine Crawler  
  65  8:56  Spore Crawler  
  65  8:57  Drone  
  65  8:58  Drone  
  66  9:06  Hydralisk Den, Drone x3  
  66  9:08  Overlord x4  
  68  9:11  Roach x3  
  74  9:20  Roach  
  74  9:21  Roach x4  
  84  9:40  Roach  
  84  9:42  Roach  
  82  10:03  Roach x11  
  82  10:04  Roach x7  
  118  10:18  Roach x25  
  118  10:38  Overlord x3  
  118  10:41  Pathogen Glands  
  118  10:50  Zerg Ground Armor Level 3, Zerg Missile Weapons Level 3  
  118  10:55  Infestor  
  118  10:56  Infestor x7  
  130  11:29  Hydralisk  
  130  11:30  Hydralisk x11  
  130  11:32  Roach  
  154  11:40  Hatchery  
  154  11:43  Overlord x4  
  154  11:44  Hatchery  
  154  11:46  Tunneling Claws  
  152  11:55  Grooved Spines  
  146  12:17  Zergling x2  
  146  12:18  Zergling x32  
  137  12:37  Hydralisk  
  137  12:38  Hydralisk x5  
  99  13:01  Queen  
  99  13:03  Queen  
  100  13:06  Roach, Muscular Augments  
  100  13:07  Roach x12  
  126  13:40  Drone x2  
  126  13:41  Ultralisk Cavern  
  127  13:49  Zerg Melee Weapons Level 1  
  127  14:05  Spine Crawler  
  127  14:07  Spore Crawler  
  127  14:08  Roach x3  
  127  14:09  Roach x16  
  163  14:20  Extractor  
  163  14:21  Extractor  
  163  14:22  Extractor  
  160  14:24  Extractor  
  160  14:29  Spore Crawler  
  158  14:31  Chitinous Plating  
  158  14:32  Spore Crawler  
  157  14:40  Drone x2  
  157  14:41  Drone  
  157  14:44  Spore Crawler  
  157  14:45  Spine Crawler  
  158  14:47  Spore Crawler  
  158  14:48  Drone x3  
  158  14:50  Drone x4  
  158  14:51  Spore Crawler  
  145  15:08  Hydralisk  
  145  15:09  Hydralisk x5  
  157  15:20  Drone x3  
  157  15:21  Drone x3  
  163  15:22  Drone x3  
  163  15:23  Drone x2  
  168  15:50  Anabolic Synthesis  
  168  16:10  Zergling x22  
  168  16:11  Zergling x22  
  190  16:14  Drone x2  
  190  16:43  Overlord x4  
  190  16:47  Adrenal Glands  
  190  16:50  Zerg Melee Weapons Level 2  
  133  17:24  Roach x7  
  133  17:25  Roach x27  
  133  17:26  Roach x2  
  133  17:28  Hydralisk x4  
  178  17:48  Spire  
  177  17:54  Hydralisk x7  
  177  17:55  Hydralisk x2  
  195  18:09  Hydralisk x2  
  139  19:12  Roach x21, Mutalisk  
  139  19:13  Mutalisk x25  
  139  19:14  Mutalisk x4  
  199  19:21  Infestor x8  
  199  19:23  Spire  
Show
View Real Time Build Order
Export as new Build Order

Ninjachen Protoss 

Build Orders: Oracle Opening 

Get SALT Encoding   

  12  0:01  Probe  
  13  0:13  Probe  
  14  0:20  Pylon  
  14  0:26  Probe  
  15  0:42  Gateway  
  15  0:43  Probe  
  15  0:47  Assimilator  
  16  1:05  Probe  
  17  1:12  Pylon  
  17  1:17  Probe  
  18  1:44  Cybernetics Core  
  18  1:49  Probe  
  18  1:50  Assimilator  
  19  2:02  Probe  
  19  2:06  Pylon, Gateway  
  20  2:14  Probe, Warp Gate  
  21  2:16  Zealot  
  23  2:25  Stargate  
  23  2:26  Probe  
  24  2:41  Probe  
  25  2:49  Stalker  
  27  2:53  Probe  
  28  3:03  Stargate  
  28  3:05  Pylon  
  27  3:14  Stalker  
  29  3:41  Nexus  
  29  3:47  Pylon, Probe  
  30  3:56  Oracle  
  30  3:57  Probe  
  34  4:05  Probe  
  34  4:09  Oracle  
  38  4:20  Stalker  
  38  4:23  Adept  
  42  4:42  Probe  
  42  4:44  Assimilator  
  43  4:49  Assimilator  
  43  4:51  Probe  
  43  4:55  Oracle  
  47  5:00  Probe  
  47  5:01  Probe  
  43  5:24  Zealot x2  
  26  6:08  Probe  
  26  6:09  Oracle x2  
  32  6:16  Probe  
  34  6:26  Nexus, Probe  
  35  6:36  Stalker  
  35  6:37  Stalker  
  35  6:38  Probe  
  40  6:47  Pylon  
  40  6:50  Pylon, Probe  
  40  6:53  Oracle  
  44  7:05  Probe  
  44  7:13  Probe  
  46  7:23  Probe  
  47  7:35  Probe  
  48  7:47  Probe  
  49  8:09  Probe  
  49  8:11  Stalker x2  
  53  8:17  Probe  
  55  8:27  Probe  
  56  8:38  Fleet Beacon  
  56  8:39  Probe  
  56  8:40  Probe  
  58  8:46  Stalker x2  
  62  8:51  Probe  
  62  8:52  Probe  
  64  9:03  Probe, Oracle x2  
  64  9:04  Probe  
  39  11:04  Probe  
  39  11:09  Pylon  
  34  11:13  Pylon  
  34  11:16  Probe  
  35  11:26  Tempest  
  35  11:27  Tempest  
  35  11:28  Probe  
  36  11:44  Probe  
  36  11:45  Nexus  
  36  11:48  Pylon  
  36  11:51  Pylon  
  36  11:52  Probe  
  37  11:54  Pylon  
  37  11:58  Pylon  
  38  12:02  Probe  
  39  12:09  Tempest  
  39  12:14  Probe  
  45  12:26  Probe  
  49  12:59  Tempest x2  
  51  13:22  Probe  
  51  13:24  Stalker x2  
  56  13:30  Probe  
  57  13:40  Probe  
  49  13:52  Probe  
  50  13:57  Stalker x2  
  54  14:04  Probe  
  53  14:16  Probe  
  52  14:26  Forge  
  52  14:28  Probe  
  53  14:36  Probe  
  54  14:46  Nexus  
  54  14:48  Probe  
  55  15:00  Probe  
  55  15:01  Probe  
  57  15:12  Probe  
  57  15:13  Probe, Assimilator  
  59  15:18  Assimilator  
  59  15:25  Probe  
  60  15:34  Tempest x2  
  70  15:59  Gateway  
  70  16:00  Gateway x2  
  60  16:32  Stalker x2  
  59  16:37  Probe  
  60  16:49  Probe  
  61  16:54  Nexus  
  61  16:56  Pylon  
  61  16:58  Pylon  
  61  16:59  Probe  
  61  17:01  Tempest  
  61  17:02  Pylon  
  67  17:12  Sentry x2  
  67  17:13  Stalker  
  67  17:15  Stalker  
  75  17:20  Stalker  
  77  17:49  Tempest x2  
  87  18:14  Probe  
  88  18:22  Assimilator  
  88  18:23  Probe  
  88  18:25  Assimilator  
  88  18:26  Probe  
  89  18:29  Probe  
  89  18:30  Probe  
  89  18:31  Probe  
  89  18:32  Tempest x2  
  102  18:38  Stalker x2, Probe  
  102  18:40  Sentry  
  110  18:41  Sentry, Probe  
  110  18:42  Probe  
  85  19:15  Tempest  
Show
View Real Time Build Order
Export as new Build Order

TastyCyanide Zerg 

Build Orders: Hatch First, Muta Ling Bane 

Get SALT Encoding   

  12  0:01  Drone  
  13  0:13  Overlord  
  13  0:19  Drone  
  14  0:31  Drone  
  14  0:32  Drone  
  16  0:36  Drone  
  17  0:46  Drone  
  18  1:00  Drone  
  19  1:04  Hatchery  
  18  1:14  Drone, Extractor  
  18  1:20  Drone  
  19  1:27  Spawning Pool  
  19  1:30  Drone  
  19  1:40  Drone  
  20  1:58  Drone  
  21  2:01  Overlord  
  21  2:17  Queen x2  
  21  2:18  Zergling x4  
  21  2:20  Metabolic Boost  
  27  2:25  Drone  
  28  2:33  Drone  
  29  2:49  Drone x3  
  32  2:53  Drone  
  32  2:54  Extractor  
  32  3:01  Overlord  
  32  3:03  Zergling x2  
  33  3:10  Extractor  
  33  3:11  Drone x2  
  34  3:13  Extractor  
  31  3:26  Drone x2  
  33  3:29  Drone x4  
  33  3:30  Overlord, Drone x2  
  39  3:37  Lair  
  39  3:46  Drone x3  
  42  3:54  Zergling x2  
  43  3:56  Overlord  
  43  4:07  Baneling Nest  
  42  4:11  Queen  
  42  4:13  Zergling x6  
  42  4:14  Zergling x2  
  48  4:17  Drone  
  49  4:26  Drone x3  
  52  4:34  Drone x4  
  52  4:35  Overlord  
  56  4:52  Spire  
  55  4:55  Drone  
  55  4:56  Overlord, Drone x2  
  58  5:07  Zergling x4  
  58  5:08  Zergling x10  
  65  5:18  Baneling  
  65  5:19  Baneling x10  
  65  5:22  Zergling x2  
  65  5:23  Zergling x2  
  65  5:28  Zergling x4  
  63  6:03  Mutalisk x6  
  73  6:15  Overlord x2  
  73  6:24  Zerg Flyer Weapons Level 1  
  73  6:29  Centrifical Hooks  
  73  6:34  Drone x3  
  73  6:35  Evolution Chamber, Drone  
  73  6:37  Overlord x2  
  76  6:59  Hatchery  
  75  7:07  Mutalisk  
  75  7:08  Mutalisk x8  
  84  7:23  Zerg Melee Weapons Level 1  
  82  8:12  Mutalisk x6  
  94  8:26  Queen  
  96  8:45  Zergling x26  
  96  8:46  Zergling x4  
  111  8:57  Extractor  
  111  8:59  Extractor  
  111  9:01  Spine Crawler  
  108  9:07  Spore Crawler  
  107  9:10  Spine Crawler  
  106  9:18  Mutalisk  
  106  9:19  Mutalisk x3  
  106  9:22  Overlord x3  
  97  10:03  Mutalisk x8  
  113  10:25  Zerg Melee Weapons Level 2  
  113  10:31  Infestation Pit  
  112  10:39  Zergling x18  
  112  10:40  Zergling x22  
  128  10:55  Zerg Flyer Weapons Level 2  
  128  11:32  Hive  
  114  11:52  Zergling x14  
  114  11:53  Zergling x12  
  115  11:55  Zergling x2  
  115  11:56  Zergling x20  
  108  12:22  Drone x5  
  113  12:23  Drone x2  
  109  12:59  Ultralisk Cavern  
  96  13:18  Corruptor x4  
  96  13:19  Corruptor x7  
  94  13:47  Ultralisk x2  
  94  13:48  Ultralisk  
  112  14:01  Roach Warren  
  111  14:06  Overlord x3, Hydralisk Den, Hatchery  
  111  14:07  Overlord x3  
  109  14:21  Greater Spire  
  109  14:24  Zergling x16  
  110  14:25  Zergling x8  
  121  14:47  Zergling x2  
  121  14:48  Zergling x26  
  135  15:15  Ultralisk  
  135  15:16  Ultralisk x2  
  132  15:48  Corruptor x4  
  127  15:54  Zergling x16  
  134  16:06  Queen  
  134  16:11  Pneumatized Carapace  
  136  16:30  Ultralisk  
  142  16:37  Spine Crawler, Extractor  
  140  16:40  Extractor  
  140  16:44  Spine Crawler x2  
  140  16:45  Spine Crawler  
  136  16:55  Evolution Chamber  
  135  17:02  Zerg Ground Armor Level 1  
  135  17:05  Grooved Spines  
  135  17:07  Glial Reconstitution  
  135  17:12  Zergling x2  
  135  17:13  Zergling x32  
  152  17:16  Overlord x3  
  152  17:17  Overlord x4  
  143  17:42  Corruptor  
  143  17:43  Corruptor  
  70  18:34  Corruptor x2  
  74  18:45  Corruptor x7  
  88  18:54  Hatchery  
  83  19:05  Drone  
  83  19:06  Drone x2  
  82  19:25  Corruptor  
  84  19:42  Drone x3  
  84  19:44  Drone  
Show
View Real Time Build Order
Export as new Build Order

OpuS Protoss 

Build Orders:  

Get SALT Encoding   

  12  0:01  Probe  
  13  0:13  Probe  
  14  0:19  Pylon  
  14  0:25  Probe  
  15  0:36  Probe  
  15  0:38  Gateway  
  16  0:47  Probe  
  17  1:01  Probe  
  18  1:05  Assimilator  
  18  1:08  Gateway  
  18  1:09  Probe  
  19  1:18  Pylon  
  19  1:29  Cybernetics Core  
  19  1:34  Zealot  
  21  1:42  Probe  
  23  1:54  Probe  
  23  1:58  Zealot  
  23  2:00  Assimilator  
  25  2:06  Probe  
  25  2:07  Zealot  
  26  2:18  Probe  
  26  2:21  Warp Gate  
  28  2:25  Pylon  
  27  2:34  Sentry  
  28  3:11  Sentry x2  
  32  3:22  Gateway x2  
  32  3:32  Probe  
  31  3:40  Probe  
  32  3:46  Sentry, Zealot  
  37  3:50  Probe  
  38  3:57  Pylon  
  38  4:02  Probe  
  39  4:15  Probe  
  40  4:27  Nexus  
  40  4:31  Sentry  
  40  4:34  Sentry  
  40  4:37  Sentry  
  46  4:49  Pylon  
  46  4:51  Pylon  
  46  5:07  Probe  
  47  5:34  Stalker x2  
  47  5:38  Probe  
  47  5:40  Probe, Forge  
  41  5:50  Probe  
  41  5:53  Probe  
  39  5:59  Sentry x2  
  39  6:00  Sentry x2  
  39  6:03  Probe  
  42  6:05  Probe  
  43  6:15  Probe  
  43  6:17  Probe, Photon Cannon  
  45  6:21  Twilight Council  
  45  6:27  Probe  
  45  6:29  Probe  
  45  6:30  Pylon  
  47  6:39  Probe  
  48  6:41  Probe  
  48  6:46  Zealot x2  
  48  6:47  Zealot  
  55  6:48  Zealot  
  57  6:59  Charge  
  57  7:16  Zealot x3  
  57  7:17  Zealot  
  57  7:21  Probe x2  
  67  7:25  Pylon  
  67  7:33  Probe  
  68  7:39  Photon Cannon  
  68  7:45  Photon Cannon  
  68  7:47  Probe x2  
  70  7:59  Probe  
  70  8:02  Stalker x3  
  77  8:26  Stargate x2  
  77  8:34  Probe, Assimilator  
  77  8:35  Probe  
  77  8:37  Assimilator  
  79  8:43  Pylon  
  79  8:46  Probe  
  79  8:47  Zealot x4  
  88  9:10  Phoenix x2  
  87  9:34  Phoenix  
  87  9:36  Phoenix  
  85  9:47  Photon Cannon  
  85  9:50  Photon Cannon  
  85  9:51  Phoenix  
  83  9:52  Phoenix  
  67  10:02  Stargate  
  59  10:10  Nexus  
  59  10:13  Pylon  
  59  10:15  Phoenix x2  
  59  10:17  Pylon  
  59  10:20  Assimilator  
  63  10:24  Assimilator  
  63  10:32  Phoenix x2  
  63  10:38  Probe x2, Phoenix  
  71  10:55  Phoenix  
  73  11:10  Protoss Air Weapons Level 1  
  73  11:12  Phoenix  
  75  11:18  Phoenix  
  75  11:20  Photon Cannon  
  75  11:22  Photon Cannon  
  77  11:27  Photon Cannon  
  77  11:36  Phoenix  
  77  11:38  Probe x3  
  80  11:50  Probe x3  
  83  11:57  Phoenix x2  
  83  12:01  Phoenix  
  79  12:22  Phoenix x2  
  81  12:26  Phoenix  
  78  12:46  Phoenix  
  78  12:47  Phoenix  
  74  12:51  Phoenix  
  74  13:11  Phoenix  
  74  13:12  Probe x3, Phoenix  
  77  13:16  Phoenix  
  77  13:24  Probe x2  
  77  13:25  Probe  
  80  13:36  Probe, Phoenix  
  80  13:37  Phoenix  
  83  13:41  Phoenix  
  83  13:42  Probe x2  
  83  13:44  Stargate  
  88  13:48  Probe  
  88  13:49  Cybernetics Core  
  88  13:54  Probe  
  89  14:04  Protoss Air Armor Level 1, Phoenix  
  89  14:05  Phoenix  
  89  14:06  Phoenix  
  95  14:41  Void Ray x3  
  107  15:10  Void Ray  
  107  15:24  Void Ray x2  
  107  15:26  Void Ray  
  101  15:53  Void Ray  
  105  15:59  Probe x3  
  95  16:07  Void Ray x2  
  95  16:08  Void Ray  
  94  16:36  Void Ray  
  97  16:49  Void Ray  
  99  17:10  Void Ray  
  99  17:16  Void Ray  
  99  17:21  Void Ray  
  96  17:40  Void Ray  
  100  17:49  Nexus  
  100  18:04  Pylon  
  100  18:06  Pylon  
  100  18:17  Pylon  
Show
View Real Time Build Order
Export as new Build Order

Sketchaphone Zerg 

Build Orders: Pool First 

Get SALT Encoding   

  12  0:01  Drone  
  13  0:13  Overlord  
  13  0:22  Drone  
  14  0:35  Spawning Pool  
  14  0:42  Drone  
  14  0:43  Drone  
  15  1:16  Drone  
  15  1:17  Hatchery  
  15  1:24  Queen  
  17  1:32  Drone  
  18  1:33  Drone  
  18  1:37  Drone  
  20  1:44  Overlord  
  20  1:56  Drone  
  21  2:06  Overlord  
  21  2:18  Spine Crawler  
  21  2:19  Zergling x2  
  21  2:24  Queen  
  23  2:40  Drone  
  23  2:41  Zergling x2, Drone  
  26  2:51  Drone  
  26  2:52  Drone  
  28  3:02  Zergling x2  
  27  3:21  Spine Crawler, Zergling x6, Roach Warren, Drone  
  27  3:22  Drone  
  27  3:23  Zergling x2  
  27  3:24  Zergling x2  
  32  3:35  Zergling x4  
  32  3:39  Drone x2, Extractor  
  35  3:48  Drone x2  
  37  3:49  Overlord  
  37  4:22  Overlord  
  37  4:23  Drone  
  37  4:24  Drone x2  
  39  4:26  Zergling x6  
  43  4:37  Drone x4  
  43  4:38  Drone  
  48  4:49  Lair  
  48  4:54  Overlord, Drone x2  
  50  5:00  Drone  
  50  5:01  Overlord, Drone  
  50  5:02  Overlord  
  51  5:30  Zergling x2  
  46  5:38  Spore Crawler  
  46  5:41  Spore Crawler, Drone x3  
  46  5:46  Evolution Chamber, Glial Reconstitution  
  45  5:50  Overlord  
  45  5:51  Drone x2  
  45  5:54  Drone x3  
  45  5:55  Extractor  
  44  6:17  Zerg Missile Weapons Level 1  
  44  6:25  Overlord  
  44  6:28  Queen  
  46  6:40  Drone x2  
  46  6:41  Overlord, Drone, Extractor  
  46  6:43  Hatchery  
  47  6:51  Zergling x6  
  47  6:54  Zergling x2  
  51  6:55  Roach  
  51  6:56  Roach x4  
  51  6:59  Roach  
  63  7:06  Roach  
  65  7:09  Roach  
  66  7:21  Drone x2  
  68  7:25  Evolution Chamber, Extractor  
  66  7:48  Hatchery  
  65  8:00  Drone x2  
  65  8:01  Zerg Ground Armor Level 1  
  65  8:02  Roach x7  
  65  8:03  Overlord  
  74  8:07  Roach  
  68  8:13  Spore Crawler  
  68  8:15  Spore Crawler  
  68  8:18  Roach x2  
  69  8:28  Queen x2  
  69  8:30  Overlord, Drone  
  74  8:52  Zerg Missile Weapons Level 2  
  74  8:54  Hatchery  
  73  8:59  Roach x5  
  73  9:00  Roach x2  
  87  9:03  Pneumatized Carapace  
  87  9:05  Queen  
  90  9:24  Roach x3  
  90  9:27  Roach x3  
  93  9:50  Roach  
  85  10:00  Roach x6  
  97  10:22  Hydralisk Den, Zerg Ground Armor Level 2  
  94  10:48  Overlord x2  
  86  11:06  Queen  
  86  11:17  Ravager  
  85  11:19  Overlord  
  85  11:23  Grooved Spines, Hydralisk  
  85  11:24  Hydralisk  
  89  11:28  Ravager x2  
  79  11:55  Ravager  
  79  11:59  Ravager  
  79  12:01  Roach x5  
  91  12:02  Hydralisk  
  81  12:23  Roach  
  81  12:28  Hydralisk x2  
  45  13:05  Hatchery  
  45  13:06  Roach  
  45  13:07  Roach  
  45  13:10  Ravager  
  49  13:14  Hydralisk  
  47  13:53  Ravager  
  46  13:57  Hydralisk x3  
  46  13:58  Hydralisk x2  
  46  14:00  Roach  
  53  14:16  Drone  
  49  14:17  Drone x2  
  50  14:24  Drone x2  
  50  14:28  Drone  
  32  15:06  Drone  
  30  15:09  Roach x6  
  19  15:55  Roach  
  19  15:56  Roach x6  
  33  16:44  Spawning Pool  
  32  16:51  Drone x2  
Show
View Real Time Build Order
Export as new Build Order

Feng Terran 

Build Orders:  

Get SALT Encoding   

  12  0:01  SCV  
  14  0:28  SCV  
  14  0:31  Supply Depot  
  14  0:39  Refinery  
  14  0:40  SCV  
  15  0:52  SCV  
  16  1:08  SCV  
  17  1:16  Barracks  
  17  1:20  SCV  
  17  1:24  Engineering Bay  
  18  1:28  Barracks  
  18  1:32  SCV  
  19  1:44  SCV  
  20  1:55  Terran Infantry Armor Level 1  
  20  1:56  SCV  
  20  2:01  Refinery  
  21  2:04  Marine  
  21  2:08  SCV  
  23  2:16  Barracks Tech Lab  
  23  2:24  Marine  
  23  2:38  Factory  
  23  2:52  Marine, SCV  
  23  3:00  Combat Shield  
  23  3:10  Supply Depot  
  23  3:12  SCV  
  23  3:14  Marine  
  23  3:25  Factory Tech Lab  
  23  3:31  Marine x2  
  23  3:32  Orbital Command  
  21  3:49  Marine x2  
  23  3:56  Siege Tank  
  26  4:04  Supply Depot  
  26  4:07  Marine  
  28  4:12  Barracks Reactor  
  27  4:17  Terran Infantry Weapons Level 1  
  27  4:23  SCV  
  28  4:35  SCV  
  29  4:41  Siege Tank  
  32  4:47  SCV  
  33  4:59  Starport  
  33  5:07  Marine  
  33  5:08  Marine  
  33  5:09  SCV  
  36  5:19  Marine  
  37  5:22  SCV  
  37  5:25  Marine  
  37  5:26  Marine  
  40  5:49  Marine x3  
  36  5:54  Viking  
  38  6:06  Marine  
  38  6:07  Marine  
  40  6:24  Medivac  
  42  6:30  Siege Tank, Command Center  
  45  6:42  SCV  
  46  7:19  Marine  
  47  7:23  Medivac  
  47  7:25  Siege Tank  
  40  7:31  Marine x2  
  41  7:37  Marine  
  42  7:48  Marine  
  42  7:49  Marine  
  44  7:53  Viking  
  44  7:54  SCV  
  44  7:55  Marine  
  45  8:20  SCV x2  
  45  8:23  Viking  
  49  8:30  Marine x2  
  49  8:31  Marine  
  49  8:32  Starport, SCV  
  49  8:33  SCV  
  54  8:43  Armory  
  54  8:48  Marine  
  54  8:49  SCV  
  54  8:50  SCV  
  54  8:53  Refinery  
  57  9:22  Viking  
  57  9:23  Viking  
  51  9:37  SCV x2  
  49  9:49  SCV  
  42  10:01  SCV  
  43  10:13  SCV  
  44  10:25  Command Center  
  44  10:49  Viking  
  39  11:11  Marine  
  39  11:12  Marine, SCV  
  42  11:25  SCV  
  43  11:37  SCV  
  44  11:40  SCV  
  44  11:41  Marine  
  44  11:52  Marine x2  
  41  12:02  SCV x2  
  21  12:31  Marine  
  21  12:32  Marine, SCV x2  
  21  12:34  Medivac  
  27  13:05  Marine x3  
  30  13:23  Marine, SCV x2  
  33  13:34  Starport Tech Lab  
  33  13:39  Starport Reactor  
  33  13:44  Terran Vehicle And Ship Armor Level 1  
  33  13:45  Marine x2  
  33  13:46  SCV x2  
  37  13:58  Refinery, SCV x2  
  42  14:10  SCV x2  
  42  14:16  Banshee  
  44  14:22  SCV x2  
  46  14:31  Fusion Core  
  46  14:34  SCV  
  47  14:47  Command Center  
  47  14:51  Marine x2  
  127  15:00  Viking  
  45  15:39  Marine x3  
  48  15:57  Marine  
  49  16:07  Marine x2  
  51  16:14  Marine  
  45  16:25  Marine x2  
  37  16:29  Banshee  
  37  16:32  Viking x2  
  45  16:38  SCV x2  
  31  17:27  Starport Tech Lab  
  20  17:55  Banshee  
  15  18:38  Banshee  
  18  19:17  SCV  
  18  19:20  SCV  
  18  19:21  Banshee  
  22  19:29  Viking, SCV  
  25  19:32  SCV  
Tags
 
Add a new tag
Caveats
  • Supply blocks, unpowered buildings, or Contaminate may cause inaccurate times.
  • Supply counts are checked every 10 seconds.